 Dungeon Crawl Stone Soup version 0.31.0-32-g396128a36d (webtiles) character file.

Game seed: 9057054477059187232

24 blademanzen the Trooper (level 2, 0/27 HPs)
             Began as a Minotaur Berserker on Mar 13, 2024.
             Was a Believer of Trog.
             Succumbed to an adder's poison
             ... on level 2 of the Dungeon.
             The game lasted 00:07:28 (520 turns).

blademanzen the Trooper (Minotaur Berserker)         Turns: 520, Time: 00:07:29

Health: 0/27       AC:  0    Str: 21    XL:     2   Next: 79%
Magic:  1/1        EV: 12    Int:  4    God:    Trog [**....]
Gold:   67         SH:  0    Dex:  9    Spells: 1/1 levels left

rFire   . . .        a - +0 falchion
rCold   . . .        (no shield)
rNeg    . . .        (no body armour)
rPois   .            (helmet restricted)
rElec   .            (no cloak)
rCorr   .            (no gloves)
SInv    .            (no boots)
Will    .....        (no amulet)
Stlth   +            (no ring)
HPRegen 0.24/turn    (no ring)
MPRegen 0.07/turn

%: no passive effects
@: lethally poisoned (0 -> -8)
A: horns 2, retaliatory headbutt
a: Renounce Religion, Berserk, Trog's Hand


You were on level 2 of the Dungeon.
You worshipped Trog.
Trog was pleased with you.
You visited 1 branch of the dungeon, and saw 2 of its levels.

You collected 67 gold pieces.

Inventory:

Hand Weapons
 a - a +0 falchion (weapon)
 d - a +3 short sword
 g - a +0 short sword
 h - a +0 sling
 k - a +0 club
 l - a +0 mace
 o - a +0 dagger
 p - a +2 whip of electrocution
 q - a +0 dagger
 r - a +0 club
 s - a +0 club
 t - a +0 dagger
 z - a +0 club
 A - a +0 club
Missiles
 e - 16 stones (quivered)
 u - 3 javelins
 w - 2 poisoned darts
Armour
 b - a +0 animal skin
 c - a +0 leather armour
 f - a +0 chain mail
 i - a +0 robe
 j - a +0 ring mail
 y - a +0 scale mail
Jewellery
 n - a ring of fire
Scrolls
 m - 3 scrolls of identify
 v - 4 scrolls of vulnerability {unknown}
 x - a scroll of fog {unknown}
Potions
 B - a potion of enlightenment {unknown}


   Skills:
 + Level 4.2 Fighting
 + Level 4.2 Long Blades
 + Level 2.6 Armour
 + Level 2.4 Dodging


You had one spell level left.
You didn't know any spells.
Your spell library contained the following spells:

 Spells                   Type           Power      Damage    Failure   Level
 Ensorcelled Hibernation  Hex/Ice        0%         N/A       65%         2
 Fugue of the Fallen      Necr           0%         N/A       86%         3
 Anguish                  Hex/Necr       0%         N/A       99%         4


Dungeon Overview and Level Annotations

Branches:
Dungeon (2/15)

Altars:


Innate Abilities, Weirdness & Mutations

You have a pair of horns on your head.
You reflexively headbutt those who attack you in melee.


Message History

B - a smoky puce potion You now have 56 gold pieces (gained 10).
You now have 67 gold pieces (gained 11).
There is an escape hatch in the floor here.
You slide downwards.
The hatch slams shut behind you.
A bat comes into view.
The bat completely misses you. The bat hits you.
You miss the bat. You headbutt the bat.
You kill the bat!
Trog accepts your kill.
Found an escape hatch in the floor.
HP restored.
An adder comes into view.
The adder moves out of view.
Found a black potion.
The adder hisses angrily.
Found 15 gold pieces.
You completely miss the adder. Your headbutt misses the adder.
The adder bites you.
You are poisoned.
The adder poisons you! The adder bites you.
You are more poisoned.
The adder poisons you!
You miss the adder.
You feel very sick. The adder misses you.
You completely miss the adder. Your headbutt misses the adder.
You feel very sick. The adder bites you.
You closely miss the adder.
You feel sick. The adder bites you.
* * * LOW HITPOINT WARNING * * *
The adder barely misses you.
You closely miss the adder.
* * * LOW HITPOINT WARNING * * *
You feel sick. The adder bites you.
* * * LOW HITPOINT WARNING * * *
You are more poisoned.
The adder poisons you!
You hit the adder but do no damage.
You die...

#.##.#######
#.##.# #
####.##.#
#.#.......#
.
#.#.##.####
#.$ #.#.##.#
#⌠..#...##.#
#......#.#
+!..S@...#
#..###.###
#⌠. ..... #
#.##.### #
..# ###


You could see an adder.

Vanquished Creatures
  4 ball pythons (D:1)
  2 bats
  An endoplasm (D:1)
  5 goblins (D:1)
  A hobgoblin (D:1)
  6 kobolds (D:1)
  A frilled lizard (D:1)
20 creatures vanquished.

Notes
Turn   | Place    | Note
-------+----------+-------------------------------------------
     0 | D:1      | blademanzen the Minotaur Berserker began the quest for the
                  | Orb.
     0 | D:1      | Reached XP level 1. HP: 19/19 MP: 0/0
   230 | D:1      | Reached XP level 2. HP: 23/27 MP: 1/1
   291 | D:1      | Found a faded altar of an unknown god.
   409 | D:1      | Reached ** piety under Trog
   520 | D:2      | Succumbed to an adder's poison

Illustrated notes

Levels and vault maps discovered:
D:1:      dpeg_arrival_more_subterranean_lakeside_camping, layout_rooms,
          dreamdust_ecumenical_altar_grove
D:2:      layout_basic, serial_shops, nicolae_shop_real_fake_doors

Skill      XL: |  1  2 |
---------------+-------+-----
Fighting       | 4 |  4.2
Long Blades    | 4 |  4.2
Armour         | |  2.6
Dodging        | |  2.4

Action                     || total
---------------------------++-------
  Melee: Falchion          ||    56
         Headbutt          ||     9
         Punch             ||     1
    Use: Scroll            ||     1
 Armour: Animal skin       ||     6
         Leather armour    ||     5
         Skin              ||    20
  Dodge: Dodged            ||    36
